EL
MONTGOMERY BISCUITS @ FRISCO ROUGHRIDERS
10/04/2045
 
TOP OF THE 1ST
Staten Island Yankees batting - Pitching for Vermont Lake Monsters : RHP Jesus Moreno
Pitching: RHP Jesus Moreno
Batting: LHB Mario Hurtado 0-0: Foul Ball, location: 2F
0-1: Ball
1-1: Ball
2-1: Ball
3-1: Foul Ball, location: 2F
3-2: Strikes out swinging
Batting: LHB Alex Genao 0-0: Ground out 4-3 (Groundball, 4M, EV 81.2 MPH)
Batting: RHB Andres Valles 0-0: Foul Ball, location: 2F
0-1: Ball
1-1: Ball
2-1: Swinging Strike
2-2: Strikes out swinging
Top of the 1st over - 0 runs, 0 hits, 0 errors, 0 left on base; Staten Island 0 - Vermont 0
BOTTOM OF THE 1ST
Vermont Lake Monsters batting - Pitching for Staten Island Yankees : RHP Nate LaCava
Pitching: RHP Nate LaCava
Batting: LHB Larry Prey 0-0: Foul Ball, location: 2F
0-1: Called Strike
0-2: Strikes out swinging
Batting: RHB Armando Estrada 0-0: Ground out 5-3 (Groundball, 5L, EV 83.1 MPH)
Batting: RHB Ricardo Mariscal 0-0: Called Strike
0-1: Hit by Pitch
Batting: LHB Henry Hutson 0-0: Called Strike
Ricardo Mariscal steals 2nd, throwing error, E2
Ricardo Mariscal to third
0-1: Ground out U3 (Groundball, 34, EV 84.4 MPH)
Bottom of the 1st over - 0 runs, 0 hits, 1 error, 1 left on base; Staten Island 0 - Vermont 0
TOP OF THE 2ND
Staten Island Yankees batting - Pitching for Vermont Lake Monsters : RHP Jesus Moreno
Batting: LHB Roald Jacobs 0-0: Foul Ball, location: 2F
0-1: Called Strike
0-2: Ball
1-2: Ground out 4-3 (Groundball, 4M, EV 87.5 MPH)
Batting: LHB Claudio Kamminga 0-0: Ball
1-0: Called Strike
1-1: Called Strike
1-2: Strikes out swinging
Batting: RHB Chris Diaz 0-0: Called Strike
0-1: Ground out 4-3 (Groundball, 4, EV 88.8 MPH)
Top of the 2nd over - 0 runs, 0 hits, 0 errors, 0 left on base; Staten Island 0 - Vermont 0
BOTTOM OF THE 2ND
Vermont Lake Monsters batting - Pitching for Staten Island Yankees : RHP Nate LaCava
Batting: RHB Danny Heikkila 0-0: Hit by Pitch
Batting: LHB Cy Ostrowski 0-0: Ball
1-0: Grounds out, U3 (Groundball, 3L, EV 101.2 MPH)
Batting: RHB Carlos Martinez 0-0: Ball
1-0: Swinging Strike
1-1: Ball
2-1: SINGLE (Groundball, 4S, EV 66.9 MPH) (infield hit)
Danny Heikkila to third
Batting: RHB Ricardo Claros 0-0: Called Strike
0-1: Ball
Carlos Martinez steals 2nd base
1-1: Fly out, F8 (Flyball, 8RM, EV 93.8 MPH)
Batting: RHB Antonio Bautista 0-0: Ground out 4-3 (Groundball, 4, EV 86.9 MPH)
Bottom of the 2nd over - 0 runs, 1 hit, 0 errors, 2 left on base; Staten Island 0 - Vermont 0
TOP OF THE 3RD
Staten Island Yankees batting - Pitching for Vermont Lake Monsters : RHP Jesus Moreno
Batting: LHB Ben Roth 0-0: Called Strike
0-1: Ball
1-1: Ball
2-1: Ball
3-1: Called Strike
3-2: Base on Balls
Batting: SHB Victor Martinez 0-0: Ball
1-0: Called Strike
1-1: Ball
2-1: Ball
3-1: Foul Ball, location: 2F
3-2: SINGLE (Groundball, 34D, EV 108.1 MPH)
Ben Roth to second
Runner from 2nd tries for 3rd, SAFE, no throw by RF
Batting: RHB Carlos Guadarrama 0-0: Foul Ball, location: 2F
0-1: Ball
Wild Pitch!
Ben Roth scores
Victor Martinez to second
1-1: Foul Ball, location: 2F
1-2: Foul Ball, location: 2F
1-2: Ball
2-2: Foul Ball, location: 2F
2-2: Ground out 4-3 (Groundball, 4, EV 110.0 MPH)
Victor Martinez to third
Batting: LHB Mario Hurtado 0-0: Ball
1-0: Ball
2-0: Called Strike
2-1: Called Strike
2-2: Foul Ball, location: 2F
2-2: Ball
3-2: Base on Balls
Batting: LHB Alex Genao 0-0: Ball
Mario Hurtado is caught stealing 2nd base 2-6
1-0: Swinging Strike
1-1: Foul Ball, location: 2F
1-2: Strikes out swinging
Top of the 3rd over - 1 run, 1 hit, 0 errors, 1 left on base; Staten Island 1 - Vermont 0
BOTTOM OF THE 3RD
Vermont Lake Monsters batting - Pitching for Staten Island Yankees : RHP Nate LaCava
Batting: LHB Larry Prey 0-0: Called Strike
0-1: Ball
1-1: Foul Ball, location: 2F
1-2: Ball
2-2: Ball
3-2: Strikes out swinging
Batting: RHB Armando Estrada 0-0: Ball
1-0: Ball
2-0: Ground out 5-3 (Groundball, 56, EV 106.9 MPH)
Batting: RHB Ricardo Mariscal 0-0: Foul Ball, location: 2F
0-1: Ball
1-1: Foul Ball, location: 2F
1-2: Foul Ball, location: 2F
1-2: Strikes out swinging
Bottom of the 3rd over - 0 runs, 0 hits, 0 errors, 0 left on base; Staten Island 1 - Vermont 0
TOP OF THE 4TH
Staten Island Yankees batting - Pitching for Vermont Lake Monsters : RHP Jesus Moreno
Batting: RHB Andres Valles 0-0: Ball
1-0: Called Strike
1-1: Foul Ball, location: 2F
1-2: Strikes out swinging
Batting: LHB Roald Jacobs 0-0: Foul Ball, location: 2F
0-1: Foul Ball, location: 2F
0-2: Foul Ball, location: 2F
0-2: Ball
1-2: Ball
2-2: Foul Ball, location: 2F
2-2: Ball
3-2: Base on Balls
Batting: LHB Claudio Kamminga 0-0: Ball
1-0: Ball
Roald Jacobs steals 2nd base
2-0: Ball
3-0: Called Strike
3-1: Called Strike
3-2: Base on Balls
Batting: RHB Chris Diaz 0-0: Ball
1-0: Ball
2-0: Called Strike
2-1: SINGLE (Line Drive, 4M, EV 98.8 MPH)
Roald Jacobs to third
Claudio Kamminga to second
Batting: LHB Ben Roth 0-0: Called Strike
0-1: Ball
1-1: Ball
2-1: Swinging Strike
2-2: Ball
3-2: Strikes out swinging
Pitching: RHP Dong-choon Park
Batting: SHB Victor Martinez 0-0: Called Strike
0-1: Swinging Strike
0-2: Foul Ball, location: 2F
0-2: Strikes out looking
Top of the 4th over - 0 runs, 1 hit, 0 errors, 3 left on base; Staten Island 1 - Vermont 0
BOTTOM OF THE 4TH
Vermont Lake Monsters batting - Pitching for Staten Island Yankees : RHP Nate LaCava
Batting: LHB Henry Hutson 0-0: Ball
1-0: Ball
2-0: Foul Ball, location: 2F
2-1: Hit by Pitch
Batting: RHB Danny Heikkila 0-0: Called Strike
0-1: Fly out, F3 (Line Drive, 3, EV 72.5 MPH)
Lined into DP, U3 (Line Drive, 3, EV 69.4 MPH)
Batting: LHB Cy Ostrowski 0-0: Ball
1-0: Foul Ball, location: 2F
1-1: Foul Ball, location: 2F
1-2: Ball
2-2: SINGLE (Groundball, 34D, EV 107.5 MPH)
Batting: RHB Carlos Martinez 0-0: Ball
1-0: Ball
2-0: Called Strike
2-1: Swinging Strike
2-2: Fielders Choice at 2nd, 6-4 (Groundball, 6, EV 97.5 MPH)
Bottom of the 4th over - 0 runs, 1 hit, 0 errors, 1 left on base; Staten Island 1 - Vermont 0
TOP OF THE 5TH
Staten Island Yankees batting - Pitching for Vermont Lake Monsters : RHP Dong-choon Park
Batting: RHB Carlos Guadarrama 0-0: Ball
1-0: Foul Ball, location: 2F
1-1: Swinging Strike
1-2: Strikes out swinging
Batting: LHB Mario Hurtado 0-0: Called Strike
0-1: Ground out 6-3 (Groundball, 6D, EV 109.4 MPH)
Batting: LHB Alex Genao 0-0: Swinging Strike
0-1: Swinging Strike
0-2: Strikes out looking
Top of the 5th over - 0 runs, 0 hits, 0 errors, 0 left on base; Staten Island 1 - Vermont 0
BOTTOM OF THE 5TH
Vermont Lake Monsters batting - Pitching for Staten Island Yankees : RHP Nate LaCava
Batting: RHB Ricardo Claros 0-0: Called Strike
0-1: Ball
1-1: Called Strike
1-2: Strikes out swinging
Batting: RHB Antonio Bautista 0-0: Ball
1-0: Foul Ball, location: 2F
1-1: Ball
2-1: Swinging Strike
2-2: Ball
3-2: SINGLE (Line Drive, 8RS, EV 100.6 MPH)
Batting: LHB Larry Prey 0-0: Swinging Strike
0-1: Ball
1-1: Hit by Pitch
Antonio Bautista to second
Batting: RHB Armando Estrada 0-0: Foul Ball, location: 2F
0-1: Ball
1-1: Foul Ball, location: 2F
1-2: Foul Ball, location: 2F
1-2: Ball
2-2: Ball
3-2: Base on Balls
Antonio Bautista to third
Larry Prey to second
Batting: RHB Ricardo Mariscal 0-0: Ball
1-0: Called Strike
1-1: Fly out, F9 (Flyball, 89D, EV 90.0 MPH)
Runner from 3rd tags up, SCORES, throw by RF
Larry Prey to third
Batting: LHB Henry Hutson 0-0: Called Strike
0-1: Ball
1-1: Foul Ball, location: 2F
1-2: Ball
2-2: Fly out, F8 (Line Drive, 8RM, EV 96.9 MPH)
Bottom of the 5th over - 1 run, 1 hit, 0 errors, 2 left on base; Staten Island 1 - Vermont 1
TOP OF THE 6TH
Staten Island Yankees batting - Pitching for Vermont Lake Monsters : RHP Dong-choon Park
Batting: RHB Andres Valles 0-0: Foul Ball, location: 2F
0-1: Called Strike
0-2: DOUBLE (Flyball, 8LXD, EV 95.0 MPH)
Batting: LHB Roald Jacobs 0-0: Intentional Walk
Batting: LHB Claudio Kamminga 0-0: Ball
1-0: Fielders Choice at 2nd, 4-6 (Groundball, 4, EV 106.9 MPH)
Andres Valles to third
Batting: RHB Chris Diaz 0-0: Swinging Strike
0-1: Ball
Wild Pitch!
Andres Valles scores
Claudio Kamminga to second
1-1: Called Strike
1-2: Hit by Pitch
Batting: LHB Ben Roth 0-0: Called Strike
0-1: Foul Ball, location: 2F
0-2: Ball
Balk!
Claudio Kamminga to third
Chris Diaz to second
1-2: Ball
2-2: Foul Ball, location: 2F
2-2: SINGLE (Groundball, 6D, EV 95.0 MPH)
Claudio Kamminga scores
Chris Diaz to third
Runner from 3rd tries for Home, SAFE, throw by CF to home
Pitching: RHP Javy Rodriquez
Batting: SHB Victor Martinez 0-0: Ball
1-0: Fly out, F6 (Line Drive, 6, EV 68.1 MPH)
Batting: RHB Carlos Guadarrama 0-0: Called Strike
0-1: Swinging Strike
0-2: Ball
1-2: Ball
2-2: Foul Ball, location: 2F
2-2: Ball
3-2: Foul Ball, location: 2F
3-2: Base on Balls
Ben Roth to second
Batting: LHB Mario Hurtado 0-0: Ball
1-0: Ball
2-0: Called Strike
2-1: Foul Ball, location: 2F
2-2: Strikes out swinging
Top of the 6th over - 3 runs, 2 hits, 0 errors, 2 left on base; Staten Island 4 - Vermont 1
BOTTOM OF THE 6TH
Vermont Lake Monsters batting - Pitching for Staten Island Yankees : RHP Nate LaCava
Batting: RHB Danny Heikkila 0-0: Foul Ball, location: 2F
0-1: Called Strike
0-2: Ball
1-2: Ball
2-2: Fly out, F7 (Flyball, 7S, EV 91.9 MPH)
Batting: LHB Cy Ostrowski 0-0: Foul Ball, location: 2F
0-1: Ball
1-1: Ground out 6-3 (Groundball, 6M, EV 100.0 MPH)
Batting: RHB Carlos Martinez 0-0: Called Strike
0-1: Ball
1-1: Swinging Strike
1-2: SINGLE (Groundball, 4MD, EV 106.2 MPH)
Batting: RHB Ricardo Claros 0-0: Ball
1-0: Called Strike
Carlos Martinez steals 2nd base
1-1: Ball
2-1: Ball
3-1: Foul Ball, location: 2F
3-2: Base on Balls
Batting: RHB Antonio Bautista 0-0: Ball
1-0: Ground out 4-3 (Groundball, 4, EV 81.9 MPH)
Bottom of the 6th over - 0 runs, 1 hit, 0 errors, 2 left on base; Staten Island 4 - Vermont 1
TOP OF THE 7TH
Staten Island Yankees batting - Pitching for Vermont Lake Monsters : RHP Javy Rodriquez
Batting: LHB Alex Genao 0-0: Swinging Strike
0-1: Swinging Strike
0-2: Foul Ball, location: 2F
0-2: Ball
1-2: Foul Ball, location: 2F
1-2: Strikes out looking
Batting: RHB Andres Valles 0-0: Ball
1-0: SOLO HOME RUN (Flyball, 89XD, EV 104.4 MPH), Distance : 413 ft
Batting: LHB Roald Jacobs 0-0: Called Strike
0-1: Ball
1-1: SOLO HOME RUN (Line Drive, 9LD, EV 92.5 MPH), Distance : 352 ft
Batting: LHB Claudio Kamminga 0-0: Called Strike
0-1: Ball
1-1: Called Strike
1-2: Foul Ball, location: 2F
1-2: Ball
2-2: Strikes out swinging
Batting: RHB Chris Diaz 0-0: Ball
1-0: Ball
2-0: Called Strike
2-1: Ball
3-1: Foul Ball, location: 2F
3-2: Foul Ball, location: 2F
3-2: Strikes out looking
Top of the 7th over - 2 runs, 2 hits, 0 errors, 0 left on base; Staten Island 6 - Vermont 1
BOTTOM OF THE 7TH
Vermont Lake Monsters batting - Pitching for Staten Island Yankees : RHP Nate LaCava
Batting: LHB Larry Prey 0-0: TRIPLE (Flyball, 78XD, EV 108.1 MPH)
Batting: RHB Armando Estrada 0-0: Ball
1-0: Called Strike
1-1: Foul Ball, location: 2F
1-2: Ground out 6-3 (Groundball, 6, EV 105.0 MPH)
Larry Prey scores
Batting: RHB Ricardo Mariscal 0-0: Ball
1-0: Swinging Strike
1-1: Ball
2-1: Called Strike
2-2: Ball
3-2: Strikes out swinging
Batting: LHB Henry Hutson 0-0: Called Strike
0-1: Ground out U3 (Groundball, 3, EV 93.8 MPH)
Bottom of the 7th over - 1 run, 1 hit, 0 errors, 0 left on base; Staten Island 6 - Vermont 2
TOP OF THE 8TH
Staten Island Yankees batting - Pitching for Vermont Lake Monsters : RHP Javy Rodriquez
Pitching: RHP Dave Quintero
Batting: LHB Ben Roth 0-0: Called Strike
0-1: Ball
1-1: Swinging Strike
1-2: Strikes out swinging
Batting: SHB Victor Martinez 0-0: Ball
1-0: Foul Ball, location: 2F
1-1: Ball
2-1: Ground out 5-3 (Groundball, 56, EV 103.8 MPH)
Batting: RHB Carlos Guadarrama 0-0: Called Strike
0-1: Ground out 6-3 (Groundball, 6, EV 100.0 MPH)
Top of the 8th over - 0 runs, 0 hits, 0 errors, 0 left on base; Staten Island 6 - Vermont 2
BOTTOM OF THE 8TH
Vermont Lake Monsters batting - Pitching for Staten Island Yankees : RHP Nate LaCava
Pitching: RHP Wade Cardin
Batting: RHB Danny Heikkila 0-0: Called Strike
0-1: Ball
1-1: Ball
2-1: Ball
3-1: Fly out, F7 (Flyball, 78S, EV 92.5 MPH)
Batting: LHB Cy Ostrowski 0-0: Foul Ball, location: 2F
0-1: Ball
1-1: Fly out, F9 (Flyball, 9LS, EV 84.4 MPH)
Batting: RHB Carlos Martinez 0-0: Called Strike
0-1: Ball
1-1: Swinging Strike
1-2: Ball
2-2: Strikes out swinging
Bottom of the 8th over - 0 runs, 0 hits, 0 errors, 0 left on base; Staten Island 6 - Vermont 2
TOP OF THE 9TH
Staten Island Yankees batting - Pitching for Vermont Lake Monsters : RHP Dave Quintero
Batting: LHB Mario Hurtado 0-0: Ball
1-0: SINGLE (Groundball, 6D, EV 96.9 MPH)
Batting: LHB Alex Genao 0-0: Called Strike
0-1: Bunted foul
0-2: Ball
1-2: Ball
2-2: Foul Ball, location: 2F
2-2: Ground out 6-3 (Groundball, P, EV 86.9 MPH)
Mario Hurtado to second
Batting: RHB Andres Valles 0-0: Called Strike
0-1: Ball
1-1: Foul Ball, location: 2F
1-2: Foul Ball, location: 2F
1-2: Strikes out swinging
Batting: LHB Roald Jacobs 0-0: Ball
1-0: Swinging Strike
1-1: Ball
2-1: Foul Ball, location: 2F
2-2: DOUBLE (Groundball, 3L, EV 101.2 MPH)
Mario Hurtado scores
Batting: LHB Claudio Kamminga 0-0: Ground out U3 (Groundball, 3, EV 83.8 MPH)
Top of the 9th over - 1 run, 2 hits, 0 errors, 1 left on base; Staten Island 7 - Vermont 2
BOTTOM OF THE 9TH
Vermont Lake Monsters batting - Pitching for Staten Island Yankees : RHP Wade Cardin
Batting: RHB Ricardo Claros 0-0: Fly out, F9 (Flyball, 89S, EV 81.2 MPH)
Batting: RHB Antonio Bautista 0-0: Ground out 5-3 (Groundball, 56S, EV 88.1 MPH)
Batting: LHB Larry Prey 0-0: Called Strike
0-1: Ball
1-1: Foul Ball, location: 2F
1-2: Ball
2-2: Foul Ball, location: 2F
2-2: Ball
3-2: Foul Ball, location: 2F
3-2: Foul Ball, location: 2F
3-2: Strikes out swinging
Bottom of the 9th over - 0 runs, 0 hits, 0 errors, 0 left on base; Staten Island 7 - Vermont 2
Wednesday, June 22nd , 2022 - OOTP Baseball 23.4 Build 64